Map: Persephone LE

Players

Zoun

  • Race: Protoss Protoss
  • League: Master
  • Spawn Location: 11:00

LiquidElazer (Elazer) - Winner!

  • Race: Zerg Zerg
  • Spawn Location: 7:00

Event: HomeStory Cup XXVII

VOD

Have the link to the VOD?

Description

Time

  • Played on: June 28, 2025, 8:27 a.m.
  • Length: 9:59

All games in this series

Show
View Real Time Build Order
Export as new Build Order

Zoun Protoss 

Build Orders: 1 Gate Expand, Oracle Opening 

Get SALT Encoding   

  12  0:00  Probe  
  13  0:12  Probe  
  14  0:20  Pylon  
  14  0:24  Probe  
  15  0:34  Probe  
  15  0:40  Gateway  
  15  0:42  Probe  
  16  0:49  Assimilator  
  17  0:52  Probe  
  18  1:04  Probe  
  19  1:16  Probe  
  20  1:27  Nexus  
  20  1:37  Cybernetics Core  
  20  1:40  Probe  
  20  1:45  Assimilator  
  21  1:53  Probe  
  22  1:55  Pylon  
  22  2:04  Adept  
  22  2:05  Probe  
  25  2:17  Probe  
  25  2:18  Stargate  
  26  2:24  Adept  
  26  2:26  Warp Gate  
  26  2:29  Probe  
  27  2:34  Probe  
  29  2:41  Probe  
  29  2:43  Probe  
  31  2:50  Stalker  
  32  2:53  Probe x2  
  36  2:58  Oracle  
  36  3:05  Probe  
  37  3:11  Probe  
  41  3:16  Pylon  
  41  3:17  Probe  
  42  3:23  Probe  
  42  3:25  Oracle  
  42  3:26  Gateway  
  43  3:29  Probe  
  44  3:35  Probe  
  48  3:41  Probe  
  49  3:49  Probe  
  49  3:54  Nexus  
  50  3:56  Pylon  
  50  3:57  Probe  
  50  4:01  Probe  
  52  4:05  Twilight Council  
  52  4:11  Probe, Assimilator  
  52  4:12  Assimilator  
  52  4:14  Probe  
  52  4:15  Shield Battery, Blink  
  54  4:22  Adept  
  54  4:23  Probe  
  57  4:26  Probe  
  58  4:35  Probe  
  58  4:38  Probe  
  58  4:41  Gateway  
  58  4:43  Gateway  
  58  4:47  Probe  
  58  4:51  Stalker  
  61  4:55  Pylon  
  61  4:57  Probe  
  62  5:00  Pylon  
  62  5:05  Probe  
  62  5:06  Probe  
  64  5:10  Gateway  
  64  5:12  Gateway, Stalker  
  66  5:16  Gateway  
  66  5:19  Stalker  
  68  5:23  Probe x3  
  68  5:27  Pylon  
  71  5:40  Stalker x3  
  77  5:43  Stalker  
  79  5:51  Gateway  
  79  6:03  Stalker x3  
  85  6:12  Stalker x3  
  91  6:24  Zealot  
  93  6:26  Stalker x3  
  99  6:37  Stalker x3  
  99  6:38  Probe  
  99  6:41  Probe x2  
  101  6:51  Pylon x2  
  101  7:04  Pylon  
  101  7:05  Pylon  
  101  7:09  Probe x2, Stalker x4  
  101  7:10  Pylon  
  101  7:13  Pylon, Charge  
  111  7:21  Probe  
  112  7:24  Probe  
  112  7:28  Zealot x4  
  117  7:35  Zealot x4  
  116  7:39  Probe x2  
  116  7:40  Probe  
  106  7:44  Shield Battery  
  106  7:48  Stalker x2  
  107  7:51  Probe  
  107  7:56  Sentry, Stalker  
  112  8:00  Probe x2  
  112  8:03  Probe  
  113  8:05  Assimilator  
  113  8:06  Assimilator  
  113  8:11  Templar Archives  
  113  8:12  Probe  
  114  8:14  Robotics Facility  
  114  8:15  Probe x2  
  116  8:20  Probe  
  116  8:23  Probe x2  
  116  8:24  Forge  
  117  8:31  Psionic Storm, Probe  
  117  8:32  Probe x2  
  119  8:34  Zealot  
  124  8:43  Probe  
  125  8:50  High Templar x2  
  125  8:55  Shield Battery  
  129  8:58  High Templar  
  129  9:01  Probe x2  
  133  9:07  Stalker x3  
  110  9:18  Stalker x2  
  106  9:24  Probe  
  106  9:25  Probe, Stalker  
  97  9:32  Stalker x3  
  74  9:39  Stalker x2  
  74  9:42  Probe x3  
  70  9:47  Zealot x2  
Show
View Real Time Build Order
Export as new Build Order

LiquidElazer Zerg - Winner!

Build Orders: Hatch First 

Get SALT Encoding   

  12  0:00  Drone  
  13  0:07  Drone  
  13  0:14  Drone, Extractor  
  15  0:21  Overlord  
  15  0:39  Drone  
  16  0:48  Hatchery  
  16  0:49  Drone  
  16  0:52  Drone  
  16  0:56  Drone  
  18  1:06  Extractor  
  17  1:11  Spawning Pool  
  17  1:14  Drone  
  17  1:17  Drone  
  18  1:27  Drone  
  19  1:37  Drone  
  20  1:48  Overlord  
  20  1:59  Queen  
  20  2:00  Queen  
  24  2:01  Zergling x2  
  24  2:03  Drone  
  26  2:11  Zergling x2, Metabolic Boost  
  26  2:13  Drone  
  28  2:20  Zergling x2  
  28  2:21  Drone  
  30  2:30  Drone  
  30  2:33  Drone  
  30  2:37  Queen  
  34  2:45  Drone, Overlord  
  35  2:52  Hatchery  
  35  2:56  Zergling x2  
  35  3:02  Zergling x2  
  36  3:07  Overlord  
  36  3:09  Spore Crawler  
  36  3:11  Drone x3  
  38  3:16  Drone x2  
  38  3:19  Drone x2  
  43  3:31  Spore Crawler x2  
  43  3:32  Drone x3  
  44  3:35  Drone  
  45  3:42  Drone x4  
  49  3:49  Drone x3  
  49  3:55  Overlord  
  52  3:58  Overlord  
  52  4:02  Spore Crawler  
  50  4:03  Drone  
  50  4:07  Drone x2  
  53  4:12  Overlord  
  53  4:15  Drone x2  
  53  4:16  Drone  
  56  4:17  Drone x4  
  56  4:21  Lair  
  60  4:24  Zergling x2  
  60  4:25  Overlord  
  60  4:28  Overlord  
  59  4:36  Overlord  
  59  4:38  Drone x2  
  56  4:42  Queen  
  56  4:44  Drone  
  56  4:45  Drone  
  60  4:48  Drone x4  
  60  4:49  Drone  
  65  4:53  Drone x3  
  65  4:54  Drone  
  65  4:58  Drone x2  
  71  5:02  Overlord  
  71  5:05  Extractor x2  
  69  5:07  Overlord  
  69  5:09  Extractor  
  69  5:11  Drone x2, Extractor  
  69  5:20  Drone x3  
  72  5:24  Zergling x12, Hydralisk Den  
  72  5:25  Hatchery  
  72  5:27  Zergling x2  
  77  5:33  Overlord  
  77  5:34  Zergling x2  
  78  5:39  Zergling x2  
  78  5:42  Overlord  
  79  5:52  Zergling x10  
  82  5:58  Zergling x10  
  82  6:00  Grooved Spines  
  82  6:02  Zergling x6  
  88  6:08  Zergling x4  
  90  6:13  Hydralisk  
  86  6:27  Hydralisk x5  
  86  6:30  Hydralisk x7  
  103  6:36  Zergling x6  
  101  6:44  Hydralisk  
  101  6:45  Hydralisk x2  
  103  6:51  Hydralisk x2  
  103  6:52  Zergling x2  
  107  7:00  Muscular Augments  
  102  7:02  Overlord x3  
  102  7:04  Zergling x8  
  107  7:11  Hydralisk x2  
  107  7:12  Zergling x2  
  111  7:16  Overseer  
  111  7:20  Zergling x6  
  111  7:28  Zergling x4  
  107  7:33  Zergling x14  
  111  7:40  Zergling x6  
  111  7:48  Hydralisk x3  
  110  7:53  Hydralisk x2  
  113  8:00  Baneling Nest  
  113  8:01  Hydralisk  
  113  8:08  Hydralisk x2  
  116  8:14  Hydralisk  
  116  8:15  Hydralisk x2  
  116  8:18  Hydralisk  
  116  8:19  Zergling x12  
  130  8:30  Overlord  
  130  8:33  Overlord  
  127  8:42  Zergling x6  
  129  8:49  Baneling  
  129  8:50  Baneling x10  
  129  8:51  Zergling x16  
  129  8:54  Baneling x3  
  137  8:56  Zergling x6  
  137  9:00  Baneling x3  
  136  9:14  Zergling x20  
  134  9:17  Zergling x4  
  125  9:25  Hydralisk x3  
  116  9:35  Hydralisk x3  
Tags
 
Add a new tag
Caveats
  • Supply blocks, unpowered buildings, or Contaminate may cause inaccurate times.
  • Supply counts are checked every 10 seconds.